 Dungeon Crawl Stone Soup version 0.23-a0-391-g8c51ad5 (webtiles) character file.

95 XanderDroid the Magician (level 4, 0/32 HPs)
             Began as a Gnoll Wizard on Oct 30, 2018.
             Slain by an orc
             ... wielding a +0 short sword
              (2 damage)
             ... on level 2 of the Dungeon.
             The game lasted 00:07:36 (1884 turns).

XanderDroid the Magician (Gnoll Wizard)             Turns: 1884, Time: 00:07:37

Health: 0/32       AC:  2    Str:  9    XL:     4   Next: 65%
Magic:  2/13       EV: 14    Int: 21    God:
Gold:   90         SH:  0    Dex: 14    Spells: 12/17 levels left

rFire    . . .     SeeInvis .   i - +0 trident
rCold    . . .     Gourm    .   (no shield)
rNeg     . . .     Faith    .   a - +0 robe
rPois    .         Spirit   .   b - +0 hat
rElec    .         Reflect  .   (no cloak)
rCorr    .         Harm     .   (no gloves)
MR       .....                  (no boots)
Stlth    ..........             (no amulet)
HPRegen  0.10/turn              p - ring of attention (curse)
MPRegen  0.13/turn              (no ring)

@: confused, very slightly contaminated
A: distributed training, fangs 1, strong nose
a: no special abilities


You were on level 2 of the Dungeon.
You were not hungry.

You visited 1 branch of the dungeon, and saw 2 of its levels.

You collected 90 gold pieces.

Inventory:

Hand Weapons
 f - a +0 dagger
 i - a +0 trident (weapon)
Armour
 a - a +0 robe (worn)
 b - a +0 hat (worn)
Jewellery
 p - a cursed ring of attention (left hand)
Scrolls
 c - a scroll of noise {unknown}
 g - a scroll of fog {unknown}
 j - 2 scrolls of identify {unknown}
 m - a scroll of remove curse {unknown}
 n - a scroll of fear {unknown}
Potions
 e - 3 potions of curing {unknown}
 h - a potion of brilliance {unknown}
 k - a potion of ambrosia {unknown}
 l - a potion of heal wounds {unknown}
Comestibles
 d - 2 rations


   Skills:
 + Level 1.2 Fighting
 + Level 1.2 Short Blades
 + Level 1.2 Long Blades
 + Level 1.2 Axes
 + Level 1.2 Maces & Flails
 + Level 1.2 Polearms
 + Level 1.2 Staves
 + Level 1.2 Slings
 + Level 1.2 Bows
 + Level 1.2 Crossbows
 + Level 1.2 Throwing
 + Level 1.2 Armour
 + Level 4.6 Dodging
 + Level 4.3 Stealth
 + Level 1.2 Shields
 + Level 1.2 Unarmed Combat
 + Level 7.2 Spellcasting
 + Level 2.2 Conjurations
 + Level 1.0 Hexes
 + Level 1.0 Charms
 + Level 2.2 Summonings
 + Level 1.0 Necromancy
 + Level 2.2 Translocations
 + Level 1.0 Transmutations
 + Level 1.0 Fire Magic
 + Level 1.0 Ice Magic
 + Level 1.0 Air Magic
 + Level 1.0 Earth Magic
 + Level 1.0 Poison Magic
 + Level 1.3 Invocations
 + Level 1.2 Evocations


You had 12 spell levels left.
You knew the following spells:

 Your Spells              Type           Power        Failure   Level  Hunger
a - Magic Dart            Conj           ###.         3%          1    None
b - Blink                 Tloc           N/A          4%          2    None
c - Call Imp              Summ           ###.....     4%          2    None

Your spell library contained the following spells:

 Spells                   Type           Power        Failure   Level  Hunger
 Slow                     Hex            ##......     9%          2    None
 Conjure Flame            Conj/Fire      ##......     13%         3    None
 Mephitic Cloud           Conj/Pois/Air  ##......     14%         3    None


Dungeon Overview and Level Annotations

Branches:
Dungeon (2/15)

Altars:
Gozag


Innate Abilities, Weirdness & Mutations

Your experience applies equally to all skills.
You have very sharp teeth.
Your uncanny sense of smell can sniff out nearby items.


Message History

Your Poison Magic skill increases to level 1!
The orc hits you with a +0 short sword.
* * * LOW HITPOINT WARNING * * *
Casting: Magic Dart (safe; 3% risk of failure)
Confirm with . or Enter, or press ? or * to list all spells.
Aiming: Magic Dart (safe; 3% risk of failure)
Press: ? - help, Shift-Dir - straight line, f - orc
Aim: an orc, wielding a +0 short sword and wearing a +0 ring mail (heavily The magic dart hits the orc.
The orc is heavily wounded.
The orc closely misses you.
You hear some strange, mumbled words.
You are confused.
You bump into the rock wall.
The orc barely misses you. Something hits you.
* * * LOW HITPOINT WARNING * * *
You're too confused to cast spells.
Something hits you.
* * * LOW HITPOINT WARNING * * *
The orc hits you with a +0 short sword.
You die...

#################
#...............#######
#####.#######..###.......#
....).........)o@.....####
###.........#..{#######
##.###.###.#...# ##..# .#
# ###.# ....###+# #.# #.#
..#.###_+ ..# #..
#...###+# #.# #.. ##..#
#.# #.# ##. ###.###.###.#


You could see an orc.

Vanquished Creatures
  An orc wizard (D:2)
  4 adders (D:2)
  2 orcs (D:1)
  4 bats
  A giant cockroach (D:1)
  3 goblins (D:1)
  3 hobgoblins
  4 jackals (D:1)
  2 frilled lizards (D:1)
  A kobold (D:2)
  6 rats
31 creatures vanquished.

Notes
Turn   | Place    | Note
-------+----------+-------------------------------------------
     0 | D:1      | XanderDroid the Gnoll Wizard began the quest for the Orb.
     0 | D:1      | Reached XP level 1. HP: 13/13 MP: 8/8
   355 | D:1      | Reached XP level 2. HP: 19/19 MP: 6/10
   397 | D:1      | Learned a level 2 spell: Blink
   400 | D:1      | Learned a level 2 spell: Call Imp
  1111 | D:1      | Reached XP level 3. HP: 19/25 MP: 7/11
  1519 | D:2      | Reached skill level 1 in Invocations
  1638 | D:2      | Found an opulent altar of Gozag.
  1650 | D:2      | Reached skill level 1 in Fighting
  1650 | D:2      | Reached skill level 1 in Short Blades
  1650 | D:2      | Reached skill level 1 in Long Blades
  1650 | D:2      | Reached skill level 1 in Axes
  1650 | D:2      | Reached skill level 1 in Maces & Flails
  1650 | D:2      | Reached skill level 1 in Polearms
  1650 | D:2      | Reached skill level 1 in Staves
  1650 | D:2      | Reached skill level 1 in Slings
  1650 | D:2      | Reached skill level 1 in Bows
  1650 | D:2      | Reached skill level 1 in Crossbows
  1650 | D:2      | Reached skill level 1 in Throwing
  1650 | D:2      | Reached skill level 1 in Armour
  1650 | D:2      | Reached skill level 1 in Shields
  1650 | D:2      | Reached skill level 1 in Unarmed Combat
  1650 | D:2      | Reached skill level 1 in Evocations
  1650 | D:2      | Reached XP level 4. HP: 29/32 MP: 9/13
  1880 | D:2      | Reached skill level 1 in Hexes
  1880 | D:2      | Reached skill level 1 in Charms
  1880 | D:2      | Reached skill level 1 in Necromancy
  1880 | D:2      | Reached skill level 1 in Transmutations
  1880 | D:2      | Reached skill level 1 in Fire Magic
  1880 | D:2      | Reached skill level 1 in Ice Magic
  1880 | D:2      | Reached skill level 1 in Air Magic
  1880 | D:2      | Reached skill level 1 in Earth Magic
  1880 | D:2      | Reached skill level 1 in Poison Magic
  1884 | D:2      | Slain by an orc

Vault maps used:
D:1:      lightli_arrival_boilingwater
D:2:      lemuel_doored_altar, chequers_temple_overflow_minitemple

Skill      XL: |  1  2  3  4 |
---------------+-------------+-----
Conjurations   | 2 |  2.2
Summonings     | 2 |  2.2
Translocations | 2 |  2.2
Invocations    | 1 |  1.3
Fighting       | 1 |  1.2
Short Blades   | 1 |  1.2
Long Blades    | 1 |  1.2
Axes           | 1 |  1.2
Maces & Flails | 1 |  1.2
Polearms       | 1 |  1.2
Staves         | 1 |  1.2
Slings         | 1 |  1.2
Bows           | 1 |  1.2
Crossbows      | 1 |  1.2
Throwing       | 1 |  1.2
Armour         | 1 |  1.2
Shields        | 1 |  1.2
Unarmed Combat | 1 |  1.2
Evocations     | 1 |  1.2
Hexes          | 1 |  1.0
Charms         | 1 |  1.0
Necromancy     | 1 |  1.0
Transmutations | 1 |  1.0
Fire Magic     | 1 |  1.0
Ice Magic      | 1 |  1.0
Air Magic      | 1 |  1.0
Earth Magic    | 1 |  1.0
Poison Magic   | 1 |  1.0
Dodging        | |  4.6
Stealth        | |  4.3
Spellcasting   | |  7.2

Action                   |  1- 3 |  4- 6 || total
-------------------------+-------+-------++-------
Melee: Unarmed           |     3 |       ||     3
       Dagger            |    30 |       ||    30
       Bite              |     7 |       ||     7
       Trident           |    18 |     3 ||    21
 Cast: Magic Dart        |    44 |    19 ||    63
 Stab: Sleeping          |     1 |       ||     1
  Eat: Chunk             |     2 |     1 ||     3
Armor: Robe              |    10 |     2 ||    12
Dodge: Dodged            |    56 |     7 ||    63

Table legend:
 A = Non-vault XP
 B = Vault XP
 C = Vault XP percentage of total XP
 D = Non-vault monster count
 E = Vault monster count
 F = Vault count percentage of total count
                 A         B        C        D         E       F
            +---------+---------+-------+---------+---------+-------
      Total |     136 |       0 |   0.0 |      31 |       0 |   0.0
            +---------+---------+-------+---------+---------+-------
        D:1 |      36 |       0 |   0.0 |      20 |       0 |   0.0
        D:2 |     100 |       0 |   0.0 |      11 |       0 |   0.0
            +---------+---------+-------+---------+---------+-------
